SNL (28 & UNDER)
WICHITA WRANGLERS @ MEMPHIS BLUES
09/19/2027
 
TOP OF THE 1ST
Wichita Wranglers batting - Pitching for Memphis Blues : RHP Rafael Ressureio
Pitching: RHP Rafael Ressureio
Batting: RHB Jorge Barbosa 0-0: Ball
1-0: Called Strike
1-1: Ball
2-1: Swinging Strike
2-2: Strikes out swinging
Batting: RHB James Stevens 0-0: Called Strike
0-1: Ball
1-1: Ball
2-1: Foul Ball, location: 2F
2-2: Strikes out swinging
Batting: RHB Ricardo Rodríguez 0-0: Ball
1-0: Swinging Strike
1-1: Ground out 5-3 (Groundball, 5)
Top of the 1st over - 0 run(s), 0 hit(s), 0 error(s), 0 left on base; Wichita 0 - Memphis 0
BOTTOM OF THE 1ST
Memphis Blues batting - Pitching for Wichita Wranglers : RHP Jeff Valdés
Pitching: RHP Jeff Valdés
Batting: SHB José Velásquez 0-0: Fly out, F8 (Line Drive, 8LM)
Batting: RHB Jaime Spiridon 0-0: Swinging Strike
0-1: Ball
1-1: Ball
2-1: Ball
3-1: Called Strike
3-2: Foul Ball, location: 2F
3-2: Strikes out swinging
Batting: SHB Terry Dailey 0-0: Ball
1-0: Called Strike
1-1: Called Strike
1-2: Strikes out swinging
Bottom of the 1st over - 0 run(s), 0 hit(s), 0 error(s), 0 left on base; Wichita 0 - Memphis 0
TOP OF THE 2ND
Wichita Wranglers batting - Pitching for Memphis Blues : RHP Rafael Ressureio
Batting: RHB José López 0-0: Ball
1-0: Foul Ball, location: 2F
1-1: Ball
2-1: Foul Ball, location: 2F
2-2: Fly out, F4 (Line Drive, 4M)
Batting: RHB Oliver Todd 0-0: SINGLE (Line Drive, 89S)
Batting: LHB Richard Hinkle 0-0: DOUBLE (Line Drive, 9D)
Oliver Todd to third
Batting: LHB José Hernández 0-0: SINGLE (Line Drive, 9S)
Oliver Todd scores
Richard Hinkle to third
Batting: RHB Rusty Bennett 0-0: Ball
1-0: Ball
2-0: Called Strike
2-1: Ball
3-1: Foul Ball, location: 2F
3-2: Strikes out swinging
Batting: SHB Wayne Matthews 0-0: Ball
1-0: Called Strike
1-1: Ground out 4-3 (Groundball, 4D)
Top of the 2nd over - 1 run(s), 3 hit(s), 0 error(s), 2 left on base; Wichita 1 - Memphis 0
BOTTOM OF THE 2ND
Memphis Blues batting - Pitching for Wichita Wranglers : RHP Jeff Valdés
Batting: LHB Alan McGilroy 0-0: SINGLE (Groundball, 34D)
Batting: RHB Peter Bishop 0-0: Called Strike
0-1: Fly out, F9 (Flyball, 9D)
Batting: LHB Ricardo García 0-0: Foul Ball, location: 2F
0-1: Fielders Choice at 2nd, 4-6 (Groundball, 4M)
Batting: RHB Artie Green 0-0: Called Strike
0-1: Ball
1-1: Ball
2-1: Ground out 1-3 (Groundball, 15S)
Bottom of the 2nd over - 0 run(s), 1 hit(s), 0 error(s), 1 left on base; Wichita 1 - Memphis 0
TOP OF THE 3RD
Wichita Wranglers batting - Pitching for Memphis Blues : RHP Rafael Ressureio
Batting: RHB Jorge Barbosa 0-0: Foul Ball, location: 2F
0-1: Ball
1-1: Ball
2-1: Swinging Strike
2-2: Ball
3-2: Foul Ball, location: 2F
3-2: Base on Balls
Batting: RHB James Stevens 0-0: Called Strike
0-1: Foul Ball, location: 2F
0-2: Ball
1-2: Fly out, F8 (Flyball, 8RM)
Batting: RHB Ricardo Rodríguez 0-0: Foul Ball, location: 2F
0-1: Foul Ball, location: 2F
0-2: Ball
1-2: Grounds into double play, 6-4-3 (Groundball, 6)
Top of the 3rd over - 0 run(s), 0 hit(s), 0 error(s), 0 left on base; Wichita 1 - Memphis 0
BOTTOM OF THE 3RD
Memphis Blues batting - Pitching for Wichita Wranglers : RHP Jeff Valdés
Batting: RHB Roberto Gómez 0-0: Ball
1-0: Foul Ball, location: 2F
1-1: Ball
2-1: Foul Ball, location: 2F
2-2: Foul Ball, location: 2F
2-2: Ball
3-2: Ground out 5-3 (Groundball, 5)
Batting: RHB José Ramos 0-0: Called Strike
0-1: SINGLE (Line Drive, 9LS)
Batting: SHB José Velásquez 0-0: Ball
1-0: Ball
2-0: Ground out 4-3 (Groundball, 34)
José Ramos to second
Batting: RHB Jaime Spiridon 0-0: Ball
1-0: Ground out 6-3 (Groundball, 6)
Bottom of the 3rd over - 0 run(s), 1 hit(s), 0 error(s), 1 left on base; Wichita 1 - Memphis 0
TOP OF THE 4TH
Wichita Wranglers batting - Pitching for Memphis Blues : RHP Rafael Ressureio
Batting: RHB José López 0-0: Ball
1-0: Ball
2-0: Ground out 4-3 (Groundball, 4)
Batting: RHB Oliver Todd 0-0: Foul Ball, location: 2F
0-1: Ball
1-1: Ball
2-1: Ball
3-1: Base on Balls
Batting: LHB Richard Hinkle 0-0: Called Strike
0-1: Called Strike
0-2: Ball
Wild Pitch!
Oliver Todd to second
1-2: Foul Ball, location: 2F
1-2: Fly out, F9 (Flyball, 9D)
Runner from 2nd tags up, SAFE at 3rd, no throw
Batting: LHB José Hernández 0-0: Ball
1-0: Called Strike
1-1: SINGLE (Line Drive, 6)
Oliver Todd scores
Batting: RHB Rusty Bennett 0-0: Ball
1-0: Ball
2-0: Ball
3-0: Base on Balls
José Hernández to second
Batting: SHB Wayne Matthews 0-0: Ball
1-0: SINGLE (Groundball, 56D)
José Hernández to third
Rusty Bennett to second
Runner from 3rd tries for Home, SAFE, no throw
Batting: RHB Jorge Barbosa 0-0: Ball
1-0: Ball
2-0: Ball
3-0: Called Strike
3-1: Called Strike
3-2: Ground out 6-3 (Groundball, 56)
Top of the 4th over - 2 run(s), 2 hit(s), 0 error(s), 2 left on base; Wichita 3 - Memphis 0
BOTTOM OF THE 4TH
Memphis Blues batting - Pitching for Wichita Wranglers : RHP Jeff Valdés
Batting: SHB Terry Dailey 0-0: Ground out U3 (Groundball, 34S)
Batting: LHB Alan McGilroy 0-0: SINGLE (Groundball, 34D)
Batting: RHB Peter Bishop 0-0: Called Strike
0-1: Called Strike
0-2: Ball
1-2: Foul Ball, location: 2F
1-2: Fielders Choice at 2nd, 6-4 (Groundball, 6)
Batting: LHB Ricardo García 0-0: Ball
1-0: Foul Ball, location: 2F
1-1: Ball
2-1: Ground out 1-3 (Groundball, 15S)
Bottom of the 4th over - 0 run(s), 1 hit(s), 0 error(s), 1 left on base; Wichita 3 - Memphis 0
TOP OF THE 5TH
Wichita Wranglers batting - Pitching for Memphis Blues : RHP Rafael Ressureio
Batting: RHB James Stevens 0-0: SINGLE (Flyball, 8RS)
Batting: RHB Ricardo Rodríguez 0-0: Ball
1-0: Ball
2-0: Called Strike
2-1: Ball
3-1: SINGLE (Line Drive, 89S)
James Stevens to second
Batting: RHB José López 0-0: Grounds into double play, 6-4-3 (Groundball, 6)
James Stevens to third
Batting: RHB Oliver Todd 0-0: Swinging Strike
0-1: Ball
1-1: Foul Ball, location: 2F
1-2: Strikes out swinging
Top of the 5th over - 0 run(s), 2 hit(s), 0 error(s), 1 left on base; Wichita 3 - Memphis 0
BOTTOM OF THE 5TH
Memphis Blues batting - Pitching for Wichita Wranglers : RHP Jeff Valdés
Batting: RHB Artie Green 0-0: Called Strike
0-1: Ground out 5-3 (Groundball, 56)
Batting: RHB Roberto Gómez 0-0: Ground out 6-3 (Groundball, 6)
Batting: RHB José Ramos 0-0: Foul Ball, location: 2F
0-1: Ball
1-1: Ground out 4-3 (Groundball, 4)
Bottom of the 5th over - 0 run(s), 0 hit(s), 0 error(s), 0 left on base; Wichita 3 - Memphis 0
TOP OF THE 6TH
Wichita Wranglers batting - Pitching for Memphis Blues : RHP Rafael Ressureio
Batting: LHB Richard Hinkle 0-0: Ball
1-0: Ball
2-0: Ball
3-0: Base on Balls
Batting: LHB José Hernández 0-0: Called Strike
0-1: Swinging Strike
0-2: Ball
1-2: Ground out U3 (Groundball, 34)
Richard Hinkle to second
Batting: RHB Rusty Bennett 0-0: Ball
1-0: Foul Ball, location: 2F
1-1: Ball
2-1: Foul Ball, location: 2F
2-2: Ball
3-2: Foul Ball, location: 2F
3-2: Base on Balls
Pitching: RHP David Bates
Batting: SHB Wayne Matthews 0-0: Ball
1-0: Ball
2-0: Ball
3-0: Called Strike
3-1: Called Strike
3-2: Foul Ball, location: 2F
3-2: Foul Ball, location: 2F
3-2: Ground out 3-1 (Groundball, 34S)
Richard Hinkle to third
Rusty Bennett to second
Batting: RHB Jorge Barbosa 0-0: Ball
1-0: Called Strike
1-1: Swinging Strike
1-2: Foul Ball, location: 2F
1-2: Ball
2-2: Foul Ball, location: 2F
2-2: Foul Ball, location: 2F
2-2: Fly out, F9 (Flyball, 9LSF)
Top of the 6th over - 0 run(s), 0 hit(s), 0 error(s), 2 left on base; Wichita 3 - Memphis 0
BOTTOM OF THE 6TH
Memphis Blues batting - Pitching for Wichita Wranglers : RHP Jeff Valdés
Batting: SHB José Velásquez 0-0: Fly out, F7 (Flyball, 78M)
Batting: RHB Jaime Spiridon 0-0: Called Strike
0-1: Ball
1-1: Fly out, F7 (Line Drive, 7D)
Batting: SHB Terry Dailey 0-0: Fly out, F7 (Flyball, 7LSF)
Bottom of the 6th over - 0 run(s), 0 hit(s), 0 error(s), 0 left on base; Wichita 3 - Memphis 0
TOP OF THE 7TH
Wichita Wranglers batting - Pitching for Memphis Blues : RHP David Bates
Batting: RHB James Stevens 0-0: Called Strike
0-1: Foul Ball, location: 2F
0-2: Ball
1-2: Ball
2-2: Strikes out swinging
Batting: RHB Ricardo Rodríguez 0-0: Ball
1-0: Swinging Strike
1-1: Swinging Strike
1-2: Ball
2-2: Ball
3-2: Fly out, F8 (Line Drive, 8RM)
Pitching: RHP Carlos Martínez
Batting: RHB José López 0-0: Swinging Strike
0-1: Ball
1-1: Ball
2-1: Ball
3-1: Reached on error, E4 (Popup, 34D)
Batting: RHB Oliver Todd 0-0: Swinging Strike
0-1: Ball
1-1: Ball
2-1: Foul Ball, location: 2F
2-2: Foul Ball, location: 2F
2-2: SINGLE (Groundball, 56D)
José López to second
Batting: LHB Richard Hinkle 0-0: Foul Ball, location: 2F
0-1: Ball
1-1: DOUBLE (Line Drive, 7LM)
José López scores
Oliver Todd to third
Batting: LHB José Hernández 0-0: Swinging Strike
0-1: Ground out 4-3 (Groundball, 4)
Top of the 7th over - 1 run(s), 2 hit(s), 1 error(s), 2 left on base; Wichita 4 - Memphis 0
BOTTOM OF THE 7TH
Memphis Blues batting - Pitching for Wichita Wranglers : RHP Jeff Valdés
Batting: LHB Alan McGilroy 0-0: Swinging Strike
0-1: Ball
1-1: Called Strike
1-2: Ball
2-2: Ball
3-2: Fly out, F8 (Line Drive, 89M)
Batting: RHB Peter Bishop 0-0: Ball
1-0: Swinging Strike
1-1: Ball
2-1: Called Strike
2-2: Strikes out swinging
Batting: LHB Ricardo García 0-0: Called Strike
0-1: Foul Ball, location: 2F
0-2: Strikes out looking
Bottom of the 7th over - 0 run(s), 0 hit(s), 0 error(s), 0 left on base; Wichita 4 - Memphis 0
TOP OF THE 8TH
Wichita Wranglers batting - Pitching for Memphis Blues : RHP Carlos Martínez
Batting: RHB Rusty Bennett 0-0: Swinging Strike
0-1: DOUBLE (Flyball, 78D)
Batting: SHB Wayne Matthews 0-0: Intentional Walk
Batting: RHB Jorge Barbosa 0-0: Ball
1-0: Grounds into double play, 3-6-1 (Groundball, 3)
Rusty Bennett to third
Batting: RHB James Stevens 0-0: Called Strike
0-1: Ball
1-1: Ball
2-1: Foul Ball, location: 2F
2-2: Foul Ball, location: 2F
2-2: Foul Ball, location: 2F
2-2: Foul Ball, location: 2F
2-2: Ball
3-2: Strikes out looking
Top of the 8th over - 0 run(s), 1 hit(s), 0 error(s), 1 left on base; Wichita 4 - Memphis 0
BOTTOM OF THE 8TH
Memphis Blues batting - Pitching for Wichita Wranglers : RHP Jeff Valdés
Batting: RHB Artie Green 0-0: Ball
1-0: Ball
2-0: Fly out, F9 (Line Drive, 89M)
Batting: RHB Roberto Gómez 0-0: SINGLE (Flyball, 8RM)
Batting: RHB José Ramos 0-0: Ball
1-0: Ball
2-0: Ball
3-0: Base on Balls
Roberto Gómez to second
Batting: SHB José Velásquez 0-0: Ball
1-0: Swinging Strike
1-1: Ball
2-1: Ball
3-1: Base on Balls
Roberto Gómez to third
José Ramos to second
Batting: RHB Jaime Spiridon 0-0: SINGLE (Groundball, 6MD)
Roberto Gómez scores
José Ramos to third
José Velásquez to second
Runner from 3rd tries for Home, SAFE, throw made home
José Velásquez to third
Jaime Spiridon to second
Pitching: RHP Carlos Gabriel
Batting: SHB Terry Dailey 0-0: Called Strike
0-1: DOUBLE (Flyball, 89D)
José Velásquez scores
Jaime Spiridon scores
Batting: LHB Alan McGilroy 0-0: Intentional Walk
Batting: RHB Peter Bishop 0-0: Ball
1-0: Called Strike
1-1: Foul Ball, location: 2F
1-2: Strikes out swinging
Pitching: LHP Tony Rivera
Pinch Hitting: RHB Jesús Sánchez 0-0: Ground out 5-3 (Groundball, 56S)
Bottom of the 8th over - 4 run(s), 3 hit(s), 0 error(s), 2 left on base; Wichita 4 - Memphis 4
TOP OF THE 9TH
Wichita Wranglers batting - Pitching for Memphis Blues : RHP Carlos Martínez
Pitching: RHP Bill Long
Now in CF: Mark Folger
Pinch Hitting: RHB Santiago Morales 0-0: Called Strike
0-1: Called Strike
0-2: Ball
1-2: Ball
2-2: SINGLE (Line Drive, 78S)
Batting: RHB José López 0-0: Fly out, F4 (Line Drive, 4M)
Batting: RHB Oliver Todd 0-0: DOUBLE (Flyball, 8LXD)
Santiago Morales to third
Runner from 3rd tries for Home, SAFE, no throw
Batting: LHB Richard Hinkle 0-0: Called Strike
0-1: Foul Ball, location: 2F
0-2: Ball
1-2: Foul Ball, location: 2F
1-2: Strikes out swinging
Batting: LHB José Hernández 0-0: Ball
1-0: Ground out U3 (Groundball, 34)
Top of the 9th over - 1 run(s), 2 hit(s), 0 error(s), 1 left on base; Wichita 5 - Memphis 4
BOTTOM OF THE 9TH
Memphis Blues batting - Pitching for Wichita Wranglers : LHP Tony Rivera
Pitching: RHP Robinson Vásquez
Now at 2B: Lewis Woods
Now in RF: Werner Watkins
Pinch Hitting: RHB Dave Wookey 0-0: Swinging Strike
0-1: Foul Ball, location: 2F
0-2: SINGLE (Groundball, 56D)
Pinch Hitting: LHB Pedro Ramos 0-0: Called Strike
0-1: Called Strike
0-2: Ball
1-2: Ball
2-2: Ball
3-2: SINGLE (Flyball, 8RS)
Dave Wookey to second
Pinch Hitting: LHB Weston Chaney 0-0: Sac Bunt - play at first, batter OUT! 1-4
Dave Wookey to third
Pedro Ramos to second
Pinch Hitting: RHB Lorenzo Mota 0-0: Ball
1-0: Ball
2-0: Foul Ball, location: 2F
2-1: Ball
3-1: Called Strike
3-2: Base on Balls
Batting: RHB Jaime Spiridon 0-0: Foul Ball, location: 2F
0-1: Grounds into double play, 6-2-3 (Groundball, 56)
Bottom of the 9th over - 0 run(s), 2 hit(s), 0 error(s), 2 left on base; Wichita 5 - Memphis 4
Thursday, March 30th, 2017 - OOTP Baseball 17.12 Build 75